 Dungeon Crawl Stone Soup version 0.27.0-1-g7a089689b8 (webtiles) character file.

Game seed: 8475068108041787806

83 oldmanjim the Ducker (level 4, -10/23 HPs)
             Began as a Spriggan Transmuter on Aug 7, 2021.
             Mangled by a mummy (12 damage)
             ... in an ossuary.
             The game lasted 00:24:39 (3390 turns).

oldmanjim the Ducker (Spriggan Transmuter)          Turns: 3390, Time: 00:24:39

Health: -10/23     AC:  2    Str:  6    XL:     4   Next: 22%
Magic:  9/9        EV: 18    Int: 14    God:
Gold:   117        SH:  0    Dex: 16    Spells: 7/8 levels left

rFire    . . .     SeeInvis +     - Unarmed
rCold    . . .     Faith    .   (shield restricted)
rNeg     . . .     Spirit   .   a - +0 robe
rPois    +         Reflect  .   (helmet currently unavailable)
rElec    .         Harm     .   (no cloak)
rCorr    .         Rampage  .   (gloves unavailable)
Will     +....                  (boots unavailable)
Stlth    ++........             (no amulet)
HPRegen  0.07/turn              c - ring of poison resistance
MPRegen  0.11/turn              o - ring of willpower

@: appendages (expiring), very quick
A: horns 2, talons 2, very small, no large weapons, unfitting armour, see
invisible, speed 3
a: End Transformation


You were in an ossuary.
You had temporarily grown beastly horns and talons.
You visited 1 branch of the dungeon, and saw 4 of its levels.
You also visited: Ossuary.

You collected 117 gold pieces.

Inventory:

Hand Weapons
 b - a +0 hunting sling of flaming
 d - a +0 short sword
 h - a +0 dagger
 y - a +0 fustibalus
Missiles
 i - 23 sling bullets
 j - 68 stones
Armour
 a - a +0 robe (worn)
Magical Staves
 z - a staff of fire
Jewellery
 c - a ring of poison resistance (left hand)
 o - a ring of willpower (right hand)
Wands
 w - a wand of iceblast (7)
Scrolls
 f - a scroll of enchant armour {unknown}
 g - 3 scrolls of magic mapping {unknown}
 k - a scroll of blinking {unknown}
 m - a scroll of torment {unknown}
 p - a scroll of acquirement {unknown}
 q - 2 scrolls of teleportation {unknown}
 r - a scroll of amnesia {unknown}
 s - a scroll of immolation {unknown}
 u - a scroll of identify {unknown}
 v - a scroll of brand weapon {unknown}
Potions
 e - a potion of haste {unknown}
 l - a potion of degeneration {unknown}
 n - a potion of resistance {unknown}
 t - 2 potions of mutation {unknown}
 x - a potion of ambrosia {unknown}


   Skills:
 - Level 2.0 Fighting
 + Level 0.6 Slings
 + Level 4.1 Dodging
 + Level 3.2 Stealth
 - Level 2.4 Unarmed Combat
 - Level 2.6 Spellcasting
 - Level 2.6 Transmutations


You had 7 spell levels left.
You knew the following spells:

 Your Spells              Type           Power      Damage    Failure   Level
a - Beastly Appendage     Tmut           18%        N/A       8%          1

Your spell library contained the following spells:

 Spells                   Type           Power      Damage    Failure   Level
 Wereblood                Tmut           9%         N/A       11%         2
 Apportation              Tloc           2%         N/A       22%         1
 Spider Form              Tmut/Pois      2%         N/A       36%         3
 Ice Form                 Ice/Tmut       5%         N/A       77%         4
 Alistair's Intoxication  Tmut/Pois      3%         N/A       98%         5
 Invisibility             Hex            0%         N/A       100%        6


Dungeon Overview and Level Annotations

Branches:
Dungeon (4/15)            Ossuary (1/1)
 Temple: D:4-7

Altars:
Vehumet

Shops:
D:1 *

Annotations:
D:3 1 runed translucent door, exclusion: door, Crazy Yiuf, Natasha


Innate Abilities, Weirdness & Mutations

You have temporarily grown beastly horns and talons.
You are very small and have problems with some larger weapons.
You are too small for most types of armour.
You have supernaturally acute eyesight. (SInv)
You cover ground extremely quickly. (Speed+++)


Message History

Ouch! That really hurt!
* * * LOW HITPOINT WARNING * * *
The mummy hits you.
* * * LOW HITPOINT WARNING * * *
Unknown command.
Aiming: Iceblast
Press: ? - help, Shift-Dir - straight line, f/p - mummy
Aim: a mummy (heavily damaged)
The mass of ice explodes!
The iceblast engulfs the mummy.
The mummy is severely damaged.
The iceblast engulfs the mummy!
The mummy partially resists.
The mummy is heavily damaged.
The iceblast engulfs the mummy!
The mummy partially resists.
The mummy is heavily damaged.
You hit the mummy.
The mummy is severely damaged.
You hit the mummy but do no damage. You claw the mummy, but do no damage.
The mummy is severely damaged.
Your transformation is almost over.
The mummy completely misses you. The mummy misses you.
You barely miss the mummy. You claw the mummy.
The mummy is almost destroyed.
The mummy misses you. The mummy closely misses you.
You hit the mummy.
You destroy the mummy!
The mummy misses you.
Training target 2.0 for Fighting reached!
Your Fighting skill increases to level 2!
You barely miss the mummy.
The mummy is heavily damaged.
The mummy closely misses you.
You hit the mummy but do no damage.
The mummy is heavily damaged.
The mummy misses you.
You closely miss the mummy. You claw the mummy, but do no damage.
You headbutt the mummy.
The mummy is heavily damaged.
The mummy misses you. The mummy hits you!
Ouch! That really hurt!
You die...

###
#(.######
##(...M.#
#...∩.∩@+
##....M.#
#..######
###


You could see 2 mummies.

Vanquished Creatures
  Terence (D:2)
  A mummy (Ossuary)
  3 orcs (D:3)
  5 endoplasms
  5 giant cockroaches
  A hobgoblin (D:2)
  A quokka (D:3)
  6 ball pythons
  4 bats
  2 frilled lizards (D:1)
  4 goblins (D:1)
  6 kobolds
  8 rats
47 creatures vanquished.

Vanquished Creatures (others)
  A fungus (D:2)
  6 plants (D:2)
7 creatures vanquished.

Grand Total: 54 creatures vanquished

Notes
Turn   | Place    | Note
-------+----------+-------------------------------------------
     0 | D:1      | oldmanjim the Spriggan Transmuter began the quest for the
                  | Orb.
     0 | D:1      | Reached XP level 1. HP: 9/9 MP: 5/5
   218 | D:1      | Reached skill level 1 in Fighting
   218 | D:1      | Reached skill level 1 in Stealth
   310 | D:1      | Reached skill level 3 in Dodging
   375 | D:1      | Reached XP level 2. HP: 11/14 MP: 4/6
   532 | D:1      | Found Nemoy's Assorted Antiques.
  1084 | D:2      | Reached XP level 3. HP: 17/18 MP: 8/8
  1324 | D:2      | Found a radiant altar of Vehumet.
  1482 | D:2      | Noticed Terence
  1960 | D:2      | Killed Terence
  2131 | D:2      | Found a faded altar of an unknown god.
  2501 | D:3      | Noticed Natasha
  2936 | D:3      | Reached XP level 4. HP: 23/23 MP: 9/9
  3017 | D:3      | Found a runed translucent door.
  3018 | D:3      | Noticed Crazy Yiuf
  3112 | D:3      | Reached skill level 4 in Dodging
  3364 | D:4      | Found a sand-covered staircase.
  3370 | Ossuary  | Entered an ossuary
  3379 | Ossuary  | HP: 1/23 [mummy (5)]
  3390 | Ossuary  | Mangled by a mummy

Illustrated notes

Levels and vault maps discovered:
D:1:      dpeg_arrival_round_c, layout_basic, serial_shops, shop
D:2:      layout_rooms, shapermc_ecumenical_altar_hornbeckon, basic_altar,
          amcnicky_mini_corridor_feature, chequers_serial_rivers_large_b,
          roderic_three_in_a_row, kennysheep_nondescript, uniq_terence
D:3:      layout_basic, serial_rivers, chequers_serial_rivers_small_b,
          chequers_serial_rivers_small_b, chequers_serial_rivers_small_b,
          chequers_serial_rivers_small_a, chequers_serial_rivers_micro_d,
          roderic_serpentine_path, minivault_11, grunt_decor_resistance,
          chequers_serial_rivers_micro_c, minmay_misc_feat_columns,
          minmay_misc_feat_nine_boxes, uniq_natasha, uniq_crazy_yiuf_cottage
D:4:      layout_cave_pools, nicolae_dithmenos_the_darkroom,
          nicolae_ossuary_entry_plus, gup_sewer_entry_pipe, uniq_blork_the_orc
Ossuary:  ossuary_minmay_chase

Skill      XL: |  1  2  3  4 |
---------------+-------------+-----
Fighting       | 1 2 |  2.0
Stealth        | 1 2 3 |  3.2
Dodging        | 3 4 |  4.1
Slings         | |  0.6
Unarmed Combat | |  2.4
Spellcasting   | |  2.6
Transmutations | |  2.6

Action                   |  1- 3 |  4- 6 || total
-------------------------+-------+-------++-------
Melee: Unarmed           |    45 |     8 ||    53
       Kick              |     9 |     4 ||    13
       Headbutt          |     4 |     1 ||     5
 Fire: Hunting sling     |    96 |     9 ||   105
       Fustibalus        |    18 |       ||    18
 Cast: Beastly Appendage |    12 |     1 ||    13
Evoke: Wand              |       |     1 ||     1
 Stab: Sleeping          |     2 |       ||     2
Armor: Robe              |     8 |       ||     8
Dodge: Dodged            |    74 |    10 ||    84
